 Dungeon Crawl Stone Soup version 0.25.1-2-g60ff931df9 (webtiles) character file.

Game seed: 7357081876864104952

37 Descartes the Sneak (level 3, 0/14 HPs)
             Began as a Felid Enchanter on Aug 17, 2020.
             Splashed by a jelly's acid (2 damage)
             ... on level 3 of the Dungeon.
             The game lasted 00:03:05 (2315 turns).

Descartes the Sneak (Felid Enchanter)               Turns: 2315, Time: 00:03:06

Health: 0/14       AC: -3    Str:  5    XL:     3   Next: 23%
Magic:  7/7        EV: 19    Int: 16    God:
Gold:   111        SH:  0    Dex: 16    Spells: 0/6 levels left
                                        Lives:  0   Deaths: 1

rFire    . . .     SeeInvis +     - Unarmed
rCold    . . .     Gourm    .   (shield unavailable)
rNeg     . . .     Faith    .   (armour unavailable)
rPois    .         Spirit   .   (helmet unavailable)
rElec    .         Reflect  .   (cloak unavailable)
rCorr    .         Harm     .   (gloves unavailable)
MR       .....                  (boots unavailable)
Stlth    +++.......             (no amulet)
HPRegen  0.04/turn              (no ring)
MPRegen  0.10/turn              (no ring)

@: corroded, quick
A: very small, no armour, no weapons or thrown items, stealth, claws 1, fangs 3,
see invisible, carnivore, speed 1, shaggy fur 1, slow metabolism 1, sharp paws
a: no special abilities


You were on level 3 of the Dungeon.
You were completely stuffed.

You visited 1 branch of the dungeon, and saw 3 of its levels.

You collected 111 gold pieces.

Inventory:

Missiles
 i - 70 stones
Scrolls
 d - a scroll of enchant armour {unknown}
 f - a scroll of remove curse {unknown}
 g - 3 scrolls of identify {unknown}
 h - 2 scrolls of blinking {unknown}
 j - 2 scrolls of teleportation {unknown}
 m - a scroll of fear {unknown}
 o - a scroll of enchant weapon {unknown}
Potions
 a - a potion of flight {unknown}
 c - a potion of mutation {unknown}
 e - a potion of curing
 l - a potion of invisibility {unknown}
 n - a potion of lignification {unknown}
Comestibles
 b - 4 rations


   Skills:
 + Level 3.5 Dodging
 * Level 5.3 Stealth
 * Level 2.6 Unarmed Combat
 - Level 2.0 Spellcasting
 + Level 4.7 Hexes


You couldn't memorise any spells.
You knew the following spells:

 Your Spells              Type           Power        Failure   Level  Hunger
a - Confusing Touch       Hex            ###.....     9%          3    ###....
b - Ensorcelled Hibernat  Hex/Ice        #.....       12%         2    ###....
p - Corona                Hex            ###....      3%          1    #......

Your spell library contained the following spells:

 Spells                   Type           Power        Failure   Level  Hunger
 Tukima's Dance           Hex            ###.....     9%          3    ###....
 Dazzling Flash           Conj/Hex       #.....       24%         3    ###....


Dungeon Overview and Level Annotations

Branches:
Dungeon (3/15)

Altars:


Innate Abilities, Weirdness & Mutations

You cannot wear armour.
You are incapable of wielding weapons or throwing items.
Your paws allow you to move quietly. (Stealth)
You have sharp claws.
You have razor-sharp teeth.
You have supernaturally acute eyesight. (SInv)
You are carnivorous and can eat meat at any time.
You cover ground quickly.
You are covered in fur. (AC +1)
You have a slow metabolism.
Your sharp claws are effective at attacking unaware monsters.


Message History

You are too injured to fight recklessly!
You are too injured to fight recklessly!
You are too injured to fight recklessly!
You are too injured to fight recklessly!
You are too injured to fight recklessly!
You are too injured to fight recklessly!
You are too injured to fight recklessly!
You are too injured to fight recklessly!
You are too injured to fight recklessly!
You are too injured to fight recklessly!
You are too injured to fight recklessly!
You are too injured to fight recklessly!
You are too injured to fight recklessly!
You are too injured to fight recklessly!
You scratch the jelly but do no damage.
Your paws burn!
* * * LOW HITPOINT WARNING * * *
The jelly is severely wounded.
The jelly closely misses you.
You scratch the jelly but do no damage.
Your paws burn!
You die...

.......... .........
..###...#### ........ .
#).#........ #...?.. ..
###........#.##....##...
..........#............
#........# #...J.....#
#.......# #..@......#
###.......####..........
#.............(.........
$.....................##
..##.......#.#..r....##
##................#
##...#.#).......##
#####.#.....####
..#..#....##


You could see a jelly and a rat.

Vanquished Creatures
  3 adders (D:2)
  2 oozes (D:1)
  2 worms (D:2)
  2 dart slugs (D:1)
  3 leopard geckos
  5 goblins
  2 hobgoblins
  5 kobolds
  A quokka (D:2)
  6 bats
  5 rats
36 creatures vanquished.

Notes
Turn   | Place    | Note
-------+----------+-------------------------------------------
     0 | D:1      | Descartes the Felid Enchanter began the quest for the Orb.
     0 | D:1      | Reached XP level 1. HP: 7/7 MP: 4/4
    83 | D:1      | Reached XP level 2. HP: 7/11 MP: 6/6
   821 | D:1      | Reached XP level 3. HP: 2/14 MP: 7/7
  1275 | D:2      | Reached skill level 5 in Stealth
  1448 | D:2      | Learned a level 3 spell: Confusing Touch
  2077 | D:2      | Reached XP level 4. HP: 18/18 MP: 8/8
  2244 | D:2      | Learned a level 2 spell: Ensorcelled Hibernation
  2262 | D:3      | Slain by a kobold
  2263 | D:3      | Reached XP level 3. HP: -2/14 MP: 7/7
  2315 | D:3      | Splashed by a jelly's acid

Illustrated notes

Levels and vault maps discovered:
D:1:      dpeg_arrival_tiny_i, layout_basic, minmay_misc_feat_square, hex_large
D:2:      layout_loops_cross, first_ration, ebering_dispersal_statue_hall
D:3:      layout_rooms, grunt_ministairs_9, chequers_serial_rivers_micro_d,
          fedhas_ov_isle_minmay

Skill      XL: |  1  2  3 |
---------------+----------+-----
Dodging        | 3 |  3.5
Unarmed Combat | 2 |  2.6
Stealth        | 5 |  5.3
Spellcasting   | |  2.0
Hexes          | |  4.7

Action                   |  1- 3 |  4- 6 || total
-------------------------+-------+-------++-------
Melee: Unarmed           |   155 |    16 ||   171
       Bite              |    10 |     3 ||    13
  Use: Potion            |     1 |       ||     1
 Stab: Sleeping          |    17 |     1 ||    18
  Eat: Chunk             |    16 |       ||    16
Armor: Skin              |    16 |       ||    16
Dodge: Dodged            |   133 |    15 ||   148
